 Dungeon Crawl Stone Soup version 0.28.0-43-g3370ac3207 (webtiles) character file.

Game seed: 17794085581417217960

413 tizbic2 the Covert (level 6, -2/84 HPs)
             Began as a Naga Berserker on Mar 3, 2022.
             Was a Believer of Trog.
             Splashed by a jelly's acid (3 damage)
             ... on level 4 of the Dungeon.
             The game lasted 00:16:40 (3668 turns).

tizbic2 the Covert (Naga Berserker)                 Turns: 3668, Time: 00:16:41

Health: -2/84      AC: -9    Str: 19    XL:     6   Next: 90%
Magic:  0/6        EV: 10    Int:  8    God:    Trog [**....]
Gold:   145        SH:  0    Dex: 12    Spells: 5/5 levels left

rFire   . . .      SeeInvis +   w - +0 dagger
rCold   . . .      Faith    .   (no shield)
rNeg    . . .      Spirit   +   f - +1 robe
rPois   +          Reflect  .   k - +1 helmet
rElec   .          Harm     .   (no cloak)
rCorr   .          Rampage  .   (no gloves)
Will    .....                   (no barding)
Stlth   ..........              c - amulet of guardian spirit
HPRegen 0.24/turn               (no ring)
MPRegen 0.10/turn               (no ring)

@: berserking, corroded, quick
A: AC +2, large, see invisible, deformed body, poison resistance, slowness 2,
spit poison 1, naga tail 1
a: Spit Poison, Renounce Religion, Berserk, Trog's Hand


You were on level 4 of the Dungeon.
You worshipped Trog.
Trog was pleased with you.
You visited 1 branch of the dungeon, and saw 4 of its levels.

You collected 145 gold pieces.

Inventory:

Hand Weapons
 a - a +0 rapier
 w - a +0 dagger (weapon)
Missiles
 b - 87 arrows
 e - 72 stones
 p - 8 boomerangs
 q - 4 poisoned darts
Armour
 f - a +1 robe (worn)
 k - a +1 helmet (worn)
 m - a +0 scale mail
 n - a +0 ring mail
Jewellery
 c - an amulet of guardian spirit (around neck)
 g - an amulet of the acrobat
Wands
 r - a wand of digging (3)
Scrolls
 h - 2 scrolls of fear
 l - a scroll of teleportation
 o - a scroll of amnesia {unknown}
 t - a scroll of blinking {unknown}
Potions
 d - a potion of flight {unknown}
 j - a potion of mutation {unknown}


   Skills:
 - Level 3.0 Fighting
 + Level 4.9 Short Blades
 - Level 1.5 Armour
 - Level 1.5 Dodging
 * Level 8.6 Stealth


You had 5 spell levels left.
You didn't know any spells.
Your spell library was empty.

Dungeon Overview and Level Annotations

Branches:
Dungeon (4/15)
 Temple: D:4-7

Altars:
Yredelemnul


Innate Abilities, Weirdness & Mutations

Your serpentine skin is tough. (AC +2)
You have supernaturally acute eyesight. (SInv)
Armour fits poorly on your strangely shaped body.
Your system is resistant to poisons. (rPois)
You cover ground very slowly.
You can spit poison.
You have a snake-like lower body.


Message History

The jelly barely misses you.
You have got your breath back.
You hit the jelly but do no damage.
Your hands burn!
The jelly is heavily wounded.
The jelly hits you.
You are splashed with acid!
You hit the jelly.
Your hands burn!
The jelly is severely wounded.
The jelly hits you.
You are splashed with acid!
* * * LOW HITPOINT WARNING * * *
Aiming: Spit Poison (1% risk of failure)
Press: ? - help, Q - select action, (/) - cycle Shift-Dir - straight line, f/p - jelly
Aim: a jelly (severely wounded, 100% to hit)
The splash of poison hits the jelly.
The jelly is almost dead.
The jelly hits you.
* * * LOW HITPOINT WARNING * * *
The acid corrodes you!
You are splashed with acid!
* * * LOW HITPOINT WARNING * * *
You feel much better. The jelly hits you.
You are splashed with acid!
* * * LOW HITPOINT WARNING * * *
You hit the jelly but do no damage.
Your hands burn!
* * * LOW HITPOINT WARNING * * *
The jelly is almost dead.
The jelly barely misses you.
You hit the jelly but do no damage. The acid corrodes you!
Your hands burn!
* * * LOW HITPOINT WARNING * * *
The jelly is almost dead.
The jelly hits you.
* * * LOW HITPOINT WARNING * * *
You are splashed with acid.
* * * LOW HITPOINT WARNING * * *
A red film seems to cover your vision as you go berserk!
You feel yourself moving faster!
You feel mighty!
You have got your breath back.
The jelly closely misses you.
You hit the jelly but do no damage.
Your hands burn!
* * * LOW HITPOINT WARNING * * *
The jelly is almost dead.
You hit the jelly but do no damage.
Your hands burn!
You die...

......... ...#
.......!# ...#
........##...##.>
#####........).....
#..##.....##.......
#..######'# .......
#.........# ...##..
#..##..J..# ...# .
#..##..@..# ...#
#..######## ####
#..>......## .#
#..........#...##..#
#..##.....##........
#..##.....##.......#
#...#..............
#...#............
#...'..)^.##...#


You could see a jelly.

Vanquished Creatures
  Sigmund (D:3)
  A phantom (D:4)
  Natasha (thrice) (D:2)
  A gnoll (D:3)
  4 adders
  2 worms
  2 dart slugs
  5 orcs (D:3)
  2 endoplasms
  3 giant cockroaches
  6 goblins
  2 hobgoblins
  4 jackals (D:1)
  3 quokkas
  2 ball pythons
  7 bats
  3 frilled lizards (D:1)
  2 rats
53 creatures vanquished.

Notes
Turn   | Place    | Note
-------+----------+-------------------------------------------
     0 | D:1      | tizbic2 the Naga Berserker began the quest for the Orb.
     0 | D:1      | Reached XP level 1. HP: 21/21 MP: 1/1
    72 | D:1      | Found a faded altar of an unknown god.
    86 | D:1      | Reached skill level 1 in Stealth
   391 | D:1      | Reached skill level 2 in Stealth
   391 | D:1      | Reached XP level 2. HP: 28/28 MP: 2/2
  1317 | D:1      | Reached skill level 3 in Stealth
  1500 | D:2      | Reached XP level 3. HP: 31/34 MP: 3/3
  1530 | D:2      | Noticed Natasha
  1532 | D:2      | Killed Natasha
  1533 | D:2      | Reached skill level 4 in Stealth
  1723 | D:2      | Reached XP level 4. HP: 39/42 MP: 2/4
  1768 | D:2      | Noticed Natasha
  1774 | D:2      | Killed Natasha
  1775 | D:2      | Reached skill level 5 in Stealth
  2381 | D:2      | Noticed Natasha
  2393 | D:2      | Killed Natasha
  2394 | D:2      | Reached XP level 5. HP: 26/49 MP: 2/5
  2593 | D:3      | Reached skill level 6 in Stealth
  2722 | D:3      | Reached ** piety under Trog
  2743 | D:3      | Found a basalt altar of Yredelemnul.
  2993 | D:3      | Noticed Sigmund
  3363 | D:3      | Killed Sigmund
  3364 | D:3      | Reached skill level 8 in Stealth
  3364 | D:3      | Reached XP level 6. HP: 56/56 MP: 4/6
  3416 | D:4      | Noticed a necrophage
  3662 | D:4      | HP: 2/56 [acid (10)]
  3667 | D:4      | HP: 1/84 [acid (4)]
  3668 | D:4      | Splashed by a jelly's acid

Illustrated notes

Levels and vault maps discovered:
D:1:      dpeg_arrival_rooms_c, layout_basic,
          dreamdust_ecumenical_altar_angels_and_demons,
          hangedman_abyss_or_decor_stabs, nicolae_figureground_pulse
D:2:      layout_loops_cross, due_unseen_surprise, uniq_natasha
D:3:      layout_rooms, mainiacjoe_overflow_alcove_2, uniq_sigmund
D:4:      layout_gridville, led_sif_book, gammafunk_ghost_split, uniq_duvessa

Skill      XL: |  1  2  3  4  5 |
---------------+----------------+-----
Stealth        | 2 3 4 5 8 |  8.6
Short Blades   | 4 |  4.9
Fighting       | |  3.0
Armour         | |  1.5
Dodging        | |  1.5

Action                   |  1- 3 |  4- 6 || total
-------------------------+-------+-------++-------
Melee: Dagger            |    57 |    95 ||   152
       Short sword       |     1 |       ||     1
       Rapier            |    18 |    41 ||    59
       Punch             |       |     2 ||     2
Invok: Berserk           |     2 |     4 ||     6
 Abil: Spit Poison       |    18 |    26 ||    44
Evoke: Wand              |       |     1 ||     1
  Use: Scroll            |     1 |     5 ||     6
       Potion            |       |     2 ||     2
 Stab: Sleeping          |     8 |     1 ||     9
Armor: Animal skin       |     4 |       ||     4
       Robe              |    14 |    16 ||    30
       Ring mail         |       |    16 ||    16
Dodge: Dodged            |    51 |    75 ||   126
